 Dungeon Crawl Stone Soup version 0.30.0-10-gfe55d96785 (webtiles) character file.

Game seed: 8578824697658689951

109 qeuew the Trooper (level 4, -4/41 HPs)
             Began as a Minotaur Berserker on May 15, 2023.
             Was a Believer of Trog.
             Succumbed to a gnoll's poison
             ... on level 4 of the Dungeon.
             The game lasted 00:02:18 (1717 turns).

qeuew the Trooper (Minotaur Berserker)              Turns: 1717, Time: 00:02:19

Health: -4/41      AC:  3    Str: 21    XL:     4   Next: 60%
Magic:  3/3        EV: 12    Int:  4    God:    Trog [**....]
Gold:   1254       SH:  0    Dex: 12    Spells: 3/3 levels left

rFire   . . .        a - +0 hand axe (spect)
rCold   . . .        (no shield)
rNeg    . . .        b - +1 animal skin
rPois   .            (helmet restricted)
rElec   .            (no cloak)
rCorr   .            (no gloves)
SInv    .            (no boots)
Will    ++...        c - amulet of regeneration
Stlth   +            (no ring)
HPRegen 2.06/turn    (no ring)
MPRegen 0.08/turn

%: no passive effects
@: lethally poisoned (-4 -> -17), strong-willed, regenerating
A: horns 2, retaliatory headbutt
a: Renounce Religion, Berserk, Trog's Hand


You were on level 4 of the Dungeon.
You worshipped Trog.
Trog was pleased with you.
You visited 1 branch of the dungeon, and saw 4 of its levels.

You collected 1254 gold pieces.

Inventory:

Hand Weapons
 a - a +0 spectral hand axe (weapon)
Missiles
 d - a throwing net (quivered)
Armour
 b - a +1 animal skin (worn)
Jewellery
 c - an amulet of regeneration (around neck)
Scrolls
 e - a scroll of identify


   Skills:
 + Level 4.3 Fighting
 + Level 4.3 Axes
 * Level 4.1 Armour
 + Level 3.1 Dodging


You had 3 spell levels left.
You didn't know any spells.
Your spell library was empty.

Dungeon Overview and Level Annotations

Branches:
Dungeon (4/15)
 Temple: D:4-7

Altars:


Innate Abilities, Weirdness & Mutations

You have a pair of horns on your head.
You reflexively headbutt those who attack you in melee.


Message History

Unknown command.
There is a stone staircase leading down here.
You climb downwards.
Found a lumpy brown potion.
There is a stone staircase leading up here.
A gnoll comes into view. It is wielding a +0 spear.
Found a scroll of identify.
The gnoll shouts!
A gnoll comes into view. It is wielding a +2 halberd of venom.
A gnoll comes into view. It is wielding a +0 halberd.
There are monsters nearby!
The gnoll shouts! x2; You hear an angry hiss.
There are monsters nearby!
Found 7 stones.
There are monsters nearby!
Found an escape hatch in the ceiling.
The gnoll hits you with a +0 spear!
You hit the gnoll. You headbutt the gnoll!
The gnoll is severely wounded.
Your +0 spectral hand axe completely misses the gnoll.
Your +0 spectral hand axe closely misses the gnoll.
The gnoll hits you from afar with a +2 halberd of venom!
You are poisoned.
The gnoll barely misses you.
The gnoll hits your +0 spectral hand axe with a +0 spear!
Your spectral weapon shares its damage with you!
You barely miss the gnoll.
The gnoll is severely wounded.
Your +0 spectral hand axe hits the gnoll but does no damage. x2
You feel very sick.
The gnoll hits you from afar with a +2 halberd of venom!
* * * LOW HITPOINT WARNING * * *
You are more poisoned.
The gnoll hits you with a +0 spear.
* * * LOW HITPOINT WARNING * * *
The gnoll closely misses you.
You aren't carrying any potions.
Your skin crawls.
You feel strong-willed.
Your +0 spectral hand axe disappears.
You die...

#... .. #... #.. ##
####...###.. <.#
......#... ...##
#.......##....#
#......#g.....
#....#gg.....
##....@.......
#............. #.
##.........?...
#...#..........####
#.....<....##..#
#..##....### #..#
.# ###.## ...# ###
.#.(


You could see 3 gnolls.

Vanquished Creatures
  An orc wizard (D:3)
  3 adders
  A dart slug (D:1)
  7 orcs (D:3)
  2 bats (D:1)
  3 endoplasms
  A giant cockroach (D:2)
  6 goblins
  A hobgoblin (D:3)
  6 jackals (D:2)
  7 kobolds
  2 quokkas
  3 ball pythons
  4 rats
47 creatures vanquished.

Notes
Turn   | Place    | Note
-------+----------+-------------------------------------------
     0 | D:1      | qeuew the Minotaur Berserker began the quest for the Orb.
     0 | D:1      | Reached XP level 1. HP: 19/19 MP: 0/0
   312 | D:1      | Reached XP level 2. HP: 27/27 MP: 1/1
   760 | D:1      | Identified a scroll of acquirement
   760 | D:1      | Acquired 981 gold pieces
   900 | D:2      | Reached XP level 3. HP: 21/33 MP: 2/2
  1099 | D:2      | Identified the +4 sling "Ceunt" {drain, Dex+2}
  1271 | D:3      | Reached ** piety under Trog
  1333 | D:3      | Found a faded altar of an unknown god.
  1440 | D:3      | Reached XP level 4. HP: 28/40 MP: 3/3
  1716 | D:4      | HP: 1/41 [gnoll/+0 spear (2)]
  1717 | D:4      | Succumbed to a gnoll's poison

Illustrated notes

Levels and vault maps discovered:
D:1:      saegor_arrival_fortress, layout_basic, minmay_pentomino_p4
D:2:      layout_rooms, serial_bayou_pond_d
D:3:      layout_rooms, hellmonk_ecumenical_altar_leap_of_faith
D:4:      dreamdust_elfheim, layout_layer_cave,
          minmay_temple_entry_proselytizer, nicolae_titane, uniq_edmund

Skill      XL: |  1  2  3 |
---------------+----------+-----
Armour         | 3 4 |  4.1
Axes           | 4 |  4.3
Fighting       | 4 |  4.3
Dodging        | 3 |  3.1

Action                     |  1- 3 |  4- 6 || total
---------------------------+-------+-------++-------
  Melee: Hand axe          |    76 |    11 ||    87
         Headbutt          |    10 |     3 ||    13
 Invoke: Trog's Hand       |       |     1 ||     1
    Use: Scroll            |     7 |       ||     7
         Potion            |     5 |       ||     5
   Stab: Sleeping          |     1 |       ||     1
 Armour: Animal skin       |    13 |       ||    13
  Dodge: Dodged            |    40 |     6 ||    46
